 Dungeon Crawl Stone Soup version 0.27-a0-830-ga1c911b (webtiles) character file.

Game seed: 5246602909596476965

44 2tousent the Skirmisher (level 3, -1/29 HPs)
             Began as a Demonspawn Monk on Mar 30, 2021.
             Was a Believer of Vehumet.
             Killed from afar by an orc wizard (7 damage)
             ... with a puff of flame
             ... on level 2 of the Dungeon.
             The game lasted 00:07:40 (1865 turns).

2tousent the Skirmisher (Demonspawn Monk)           Turns: 1865, Time: 00:07:41

Health: -1/29      AC:  6    Str:  9 (11) XL:     3   Next: 41%
Magic:  0/4        EV: 12    Int: 15 (16) God:    Vehumet [**....]
Gold:   66         SH:  0    Dex: 12 (15) Spells: 1/3 levels left

rFire    . . .     SeeInvis .   a - +0 spear
rCold    . . .     Faith    .   (no shield)
rNeg     . . .     Spirit   .   b - +0 robe
rPois    .         Reflect  .   (no helmet)
rElec    .         Harm     .   (no cloak)
rCorr    .         Rampage  .   (no gloves)
Will     .....                  (no boots)
Stlth    ++........             (no amulet)
HPRegen  0.09/turn              k - +4 ring of protection
MPRegen  0.09/turn              (no ring)

@: flying, hasted, very quick
A: big brain 2
a: Renounce Religion


You were on level 2 of the Dungeon.
You worshipped Vehumet.
Vehumet was pleased with you.
You visited 1 branch of the dungeon, and saw 2 of its levels.

You collected 66 gold pieces.

Inventory:

Hand Weapons
 a - a +0 spear (weapon)
Armour
 b - a +0 robe (worn)
Jewellery
 k - a +4 ring of protection (left hand)
Scrolls
 c - a scroll of summoning {unknown}
 d - 3 scrolls of identify {unknown}
 e - a scroll of fog {unknown}
 f - a scroll of magic mapping {unknown}
 g - 2 scrolls of silence {unknown}


   Skills:
 + Level 3.6 Fighting
 - Level 2.6 Polearms
 + Level 3.3 Dodging
 - Level 1.7 Stealth
 * Level 0.7 Spellcasting
 * Level 0.1 Conjurations
 + Level 0.0 Fire Magic
 + Level 0.0 Ice Magic


You had one spell level left.
You knew the following spells:

 Your Spells              Type           Power      Damage    Failure   Level
a - Freeze                Ice            0%         1d3       24%         1
b - Foxfire               Conj/Fire      0%         2x1d4     24%         1

Your spell library contained the following spells:

 Spells                   Type           Power      Damage    Failure   Level
 Frozen Ramparts          Ice            0%         1d2       58%         3


Dungeon Overview and Level Annotations

Branches:
Dungeon (2/15)

Altars:
Vehumet


Innate Abilities, Weirdness & Mutations

You have an extremely huge brain. (Int +4)


Message History

It was a potion of degeneration.
There was something very wrong with that liquid.
You feel weakened.
You feel dopey.
You feel clumsy. Something hits you but does no damage.
Casting: Freeze (safe; 24% risk of failure)
Confirm with . or Enter, or press ? or * to list all spells.
You can't see any susceptible monsters within range! (Use Z to cast anyway.) Unknown command.
Casting: Freeze (safe; 24% risk of failure)
Confirm with . or Enter, or press ? or * to list all spells.
Aiming: Freeze (safe; 24% risk of failure)
Press: ? - help, Shift-Dir - straight line You freeze something.
You hear some strange, mumbled words.
A puff of flame appears from out of thin air!
The puff of flame misses you.
Reach: a) +0 spear
Press: ? - help, Dir - move target, f - orc
Aim: an orc, wielding a +0 flail and wearing a +0 scale mail (about 35% to evade your +0 spear)
Okay, then.
Reach: a) +0 spear
Press: ? - help, Dir - move target, f - orc
Aim: an orc, wielding a +0 flail and wearing a +0 scale mail (about 35% to evade your +0 spear)
Okay, then.
You hear some strange, mumbled words.
A puff of flame appears from out of thin air!
The puff of flame misses you.
Reach: a) +0 spear
Press: ? - help, Dir - move target You reach to attack!
You barely miss something.
Reach: a) +0 spear
Press: ? - help, Dir - move target You reach to attack!
You miss something.
Casting: Freeze (safe; 24% risk of failure)
Confirm with . or Enter, or press ? or * to list all spells.
Okay, then.
You hear some strange, mumbled words.
A puff of flame appears from out of thin air!
The puff of flame hits you!
You die...

### ###
##.#####.#
#........#
##.#####.########
# #.#
#........... .
#.# #.#.########
# #.# #.#.# # #@#
#.#.# ########
#.#
#.#.###.......
#{#
#.#.........##
#o#
#.#####.###.##
#o# ... #.# #.##
#o# #.# #.###.##
#.# #>...... #.#
######## #.# #


You could see 3 orcs.

Vanquished Creatures
  A dart slug (D:2)
  An orc (D:2)
  5 bats
  4 endoplasms
  4 giant cockroaches
  2 goblins
  3 hobgoblins
  5 jackals
  A quokka (D:2)
  3 ball pythons
  A frilled lizard (D:2)
  3 kobolds (D:1)
  4 rats (D:1)
37 creatures vanquished.

Vanquished Creatures (others)
  21 foxfires (D:2)
21 creatures vanquished.

Grand Total: 58 creatures vanquished

Notes
Turn   | Place    | Note
-------+----------+-------------------------------------------
     0 | D:1      | 2tousent the Demonspawn Monk began the quest for the Orb.
     0 | D:1      | Reached XP level 1. HP: 18/18 MP: 1/1
     1 | D:1      | Found a runed translucent door.
   173 | D:1      | Gained mutation: You have an unusually large brain. (Int
                  | +2) [demonic ancestry]
   173 | D:1      | Reached XP level 2. HP: 21/24 MP: 2/2
   350 | D:1      | HP: 1/24 [endoplasm/Freeze (4)]
   867 | D:2      | Gained mutation: You have an extremely huge brain. (Int +4)
                  | [demonic ancestry]
   867 | D:2      | Reached XP level 3. HP: 29/29 MP: 3/3
  1021 | D:2      | Found a faded altar of an unknown god.
  1023 | D:2      | Became a worshipper of Vehumet
  1023 | D:2      | Reached * piety under Vehumet
  1023 | D:2      | Offered knowledge of Freeze by Vehumet.
  1023 | D:2      | Reached ** piety under Vehumet
  1026 | D:2      | Learned a level 1 spell: Freeze
  1060 | D:2      | Offered knowledge of Foxfire by Vehumet.
  1063 | D:2      | Learned a level 1 spell: Foxfire
  1209 | D:2      | Offered knowledge of Frozen Ramparts by Vehumet.
  1865 | D:2      | Killed from afar by an orc wizard

Illustrated notes

Levels and vault maps discovered:
D:1:      dpeg_arrival_caged_fury, layout_rooms, serial_glass, glass_columns_a,
          glass_columns_b
D:2:      layout_basic, chequers_ecumenical_altar_twisty, hangedman_decor_push,
          kennysheep_generic_room_3

Skill      XL: |  1 |
---------------+----+-----
Dodging        | 3 |  3.3
Fighting       | |  3.6
Polearms       | |  2.6
Stealth        | |  1.7
Spellcasting   | |  0.7
Conjurations   | |  0.1

Action                   || total
-------------------------++-------
Melee: Spear             ||   150
 Cast: Foxfire           ||    11
       Freeze            ||     7
  Use: Potion            ||     4
 Stab: Sleeping          ||     9
Armor: Robe              ||    15
Dodge: Dodged            ||    76

Table legend: (Time is in decaauts)
 A = Elapsed time spent in this place.
 B = Non-inter-level travel time spent in this place.
 C = Inter-level travel time spent in this place.
 D = Time resting spent in this place.
 E = Time spent auto-exploring this place.
 F = Levels seen in this place.
 G = Mean time per level.
                   A        B        C        D        E       F      G
               +--------+--------+--------+--------+--------+-----+--------+
         Total |   1856 |   1856 |      0 |      0 |   1399 |   2 |  928.0 |
       Dungeon |   1856 |   1856 |      0 |      0 |   1399 |   2 |  928.0 |
               +--------+--------+--------+--------+--------+-----+--------+

Top non-repeatable levels by time:
     D:2: 1035 daAuts
     D:1: 821 daAuts
